 Dungeon Sprint DCSS version 0.21-a0-426-g98080a9 (webtiles) character file.

236758 Kidiri the Sensei (level 18, -19/277 HPs)
             Began as a Grey Draconian Transmuter on Nov 5, 2017.
             Was the Champion of Sif Muna.
             Hit by a large rock thrown by a stone giant (31 damage)
             ... in the Dungeon (Sprint VII: "The Pits") on Nov 6, 2017.
             The game lasted 01:39:05 (15192 turns).

Kidiri the Sensei (Grey Draconian Transmuter)      Turns: 15192, Time: 01:39:06

Health: -19/277    AC: 25    Str: 32    XL:     18   Next: 94%
Magic:  36/40      EV: 24    Int: 17    God:    Sif Muna [******]
Gold:   179        SH:  4    Dex: 24    Spells: 5/54 levels left

rFire    x . .     SeeInvis .     - Unarmed
rCold    + . .     Gourm    .   (shield currently unavailable)
rNeg     . . .     Faith    .   (armour unavailable)
rPois    +         Spirit   .   (helmet currently unavailable)
rElec    .         Reflect  +   (cloak currently unavailable)
rCorr    .         Harm     .   (gloves currently unavailable)
MR       ++...     NoTele   +   (boots currently unavailable)
Stlth    ++++++++..             L - amulet of Ugaulergh {Reflect rPois MR+ SH+4}
HPRegen  0.96/turn              E - ring "Risur" {Ice Dex+8}
MPRegen  0.27/turn              O - ring of Wonder {Str+6 Int+3}

@: dragon-form, flying, studying Throwing
A: walk through water, unfitting armour, regeneration 1, screaming 1,
unbreathing, evolution 1, AC +15
}: 1/15 runes: silver
a: End Transformation, Divine Energy, Channel Magic, Forget Spell, Renounce
Religion


You were in the Dungeon.
You worshipped Sif Muna.
Sif Muna was exalted by your worship.
You were hungry.
You were a fearsome dragon!
You visited 1 branch You collected 179 gold pieces.

Inventory:

Hand Weapons
 d - a +2 great sword of flaming
 g - a +2 battleaxe of freezing
 h - a +1 battleaxe of freezing
 i - a +2 battleaxe of freezing
 k - a +2 great sword of flaming
 o - a +1 great sword of flaming
 r - a +0 great sword of flaming
 s - a +0 dire flail
 u - a +0 dire flail
 x - a +3 great sword of flaming
 J - a +0 great sword of flaming
 K - a +1 great sword of flaming
 Z - a +2 great sword of flaming
Missiles
 a - 358 arrows
 e - 2 large rocks
Armour
 Q - a +2 pair of boots of flying (melded)
 R - a +2 pair of gloves of strength (melded)
 S - a +2 cloak (melded)
 V - a +2 buckler (melded)
Jewellery
 E - the ring "Risur" (left foreclaw) {Ice Dex+8}
   (You found it in the Dungeon)

   [ring of ice]

   It enhances your ice magic.
   It affects your dexterity (+8).
   It makes you vulnerable to fire.
   It protects you from cold.
 L - the amulet of Ugaulergh (around neck) {Reflect rPois MR+ SH+4}
   (You found it in the Dungeon)

   [amulet of reflection]

   It shields you and reflects attacks.
   It protects you from poison.
   It affects your resistance to hostile enchantments.
   It affects your SH (+4).
 O - the ring of Wonder (right foreclaw) {Str+6 Int+3}
   (You found it in the Dungeon)

   [ring of strength]

   It affects your strength (+6).
   It affects your intelligence (+3).
Wands
 j - a wand of iceblast (3/15)
 C - a wand of confusion (29/48)
 D - a wand of polymorph (9/24)
Scrolls
 l - 3 scrolls of recharging
 m - 7 scrolls of amnesia
 n - 5 scrolls of remove curse
 q - a scroll of summoning
 v - 5 scrolls of blinking
 w - 3 scrolls of fear
 y - 6 scrolls of identify
 z - a scroll of enchant armour
Books
 b - Sif Muna's Almanac of Bewitching Clay
   (Sif Muna gifted it to you in the Dungeon)

   Spells                             Type                      Level
   a - Ensorcelled Hibernation        Hexes/Ice                    2
   b - Passwall                       Transmutation/Earth          2
   c - Stone Arrow                    Conjuration/Earth            3
   d - Leda's Liquefaction            Hexes/Earth                  4
   e - Bolt of Magma                  Conjuration/Fire/Earth       5
   f - Lehudib's Crystal Spear        Conjuration/Earth            8
 f - a book of the Tempests

   Spells                             Type                      Level
   a - Static Discharge               Conjuration/Air              3
   b - Lightning Bolt                 Conjuration/Air              5
   c - Ignition                       Fire                         8
   d - Tornado                        Air                          9
   e - Shatter                        Earth                        9
 t - Otia's Papyrus of Sinister Transmigration
   (Sif Muna gifted it to you in the Dungeon)

   Spells                             Type                      Level
   a - Petrify                        Transmutation/Earth          4
   b - Alistair's Intoxication        Transmutation/Poison         5
   c - Statue Form                    Transmutation/Earth          6
   d - Borgnjor's Revivification      Necromancy                   8
 B - Sif Muna's Incunabulum of Protection and Darkness
   (Sif Muna gifted it to you in the Dungeon)

   Spells                             Type                      Level
   a - Excruciating Wounds            Charms/Necromancy            5
   b - Simulacrum                     Ice/Necromancy               6
   c - Death's Door                   Charms/Necromancy            8
   d - Necromutation                  Transmutation/Necromancy     8
 H - Sif Muna's Collected Works on Beguiling and Battle Magic
   (Sif Muna gifted it to you in the Dungeon)

   Spells                             Type                      Level
   a - Stone Arrow                    Conjuration/Earth            3
   b - Venom Bolt                     Conjuration/Poison           5
   c - Yara's Violent Unravelling     Hexes/Transmutation          5
   d - Iron Shot                      Conjuration/Earth            6
   e - Discord                        Hexes                        8
 U - a manual of Throwing
 Y - Sif Muna's Grimoire of Earth and Moulding
   (Sif Muna gifted it to you in the Dungeon)

   Spells                             Type                      Level
   a - Sticks to Snakes               Transmutation                2
   b - Spider Form                    Transmutation/Poison         3
   c - Leda's Liquefaction            Hexes/Earth                  4
   d - Bolt of Magma                  Conjuration/Fire/Earth       5
   e - Yara's Violent Unravelling     Hexes/Transmutation          5
   f - Alistair's Intoxication        Transmutation/Poison         5
   g - Shatter                        Earth                        9
Comestibles
 c - 4 bread rations
 p - 13 meat rations
 F - 2 royal jellies
 I - 5 chunks of flesh


   Skills:
 * Level 22.5 Fighting
 + Level 10.4 Throwing
 * Level 22.9 Dodging
 + Level 18.5 Stealth
 * Level 10.6 Shields
 * Level 24.7 Unarmed Combat
 + Level 18.6 Spellcasting
 + Level 13.7 Necromancy
 * Level 24.5 Transmutations
 + Level 8.2 Fire Magic
 + Level 18.3 Ice Magic
 + Level 20.3 Earth Magic
 + Level 18.2 Poison Magic


You had 5 spell levels left.
You knew the following spells:

 Your Spells              Type           Power        Failure   Level  Hunger
a - Beastly Appendage     Tmut           ######       0%          1    None
b - Sticks to Snakes      Tmut           #######.     0%          2    None
c - Spider Form           Tmut/Pois      ######....   0%          3    None
d - Ignite Poison         Fire/Tmut/Pois ######..     0%          3    None
e - Ice Form              Ice/Tmut       #######.     0%          4    None
f - Blade Hands           Tmut           #######...   0%          5    ###....
g - Statue Form           Tmut/Erth      #######..    1%          6    #####..
h - Hydra Form            Tmut           #######...   1%          6    #####..
i - Dragon Form           Tmut           #######...   1%          7    ######.
j - Necromutation         Tmut/Necr      ######....   9%          8    #######
k - Olgreb's Toxic Radia  Pois           ######..     1%          4    None


Dungeon Overview and Level Annotations

Branches:
Dungeon (1/1)

Altars:
Ashenzari
Cheibriados
Dithmenos
Elyvilon
Fedhas
Gozag
Hepliaklqana
Kikubaaqudgha
Makhleb
Nemelex Xobeh
Okawaru
Qazlal
Ru
Sif Muna
Trog
Uskayaw
Vehumet
Wu Jian
Xom
Yredelemnul
Zin
The Shining One
Beogh
Jiyva
Lugonu

Annotations:
D exclusions: 5 doors and 5 more exclusions


Innate Abilities, Weirdness & Mutations

You can walk through water.
Your dull iron-grey scales are very hard. (AC +15)
You cannot fit into any form of body armour.
You can survive without breathing.
((You are cold-blooded and may be slowed by cold attacks.))
((You have sharp fingernails.))
((You have razor-sharp toenails.))
((Your flesh is cold resistant. (rC+)))
Your natural rate of healing is unusually fast.
You occasionally shout uncontrollably at your foes.
You evolve.


Message History

Which direction?
You reach down and close the door.
A stone giant opens the door.
There is an open door, spattered with blood here.
The stone giant throws a large rock.
The large rock closely misses you.
You see here a large rock.
Which direction?
You reach down and close the door.
There is an open door, spattered with blood here.
A stone giant opens the door.
Which direction?
You reach down and close the door.
e - 2 large rocks (gained 1)
There is an open door, spattered with blood here.
A stone giant opens the door.
The stone giant throws a large rock.
The large rock hits you!
* * * LOW HITPOINT WARNING * * *
You see here a large rock.
The stone giant throws a large rock.
The large rock hits you!!
You die...

*+**,*,**,,**,*#C#
*,,+****+*,,+**#C#
,**,*,*,***,,**#C#
*,,***+**,**,,*#C#
,**,,+,***+*,,*#'#
*,,*****,**,,**#.#
+**+,*,**+,,** #'#
,*,****+*,,+** #(#
*****,**,,**,**#D#
***,**+,,*+**+##.##
<***+*,,+**,*,#...#
,<***,,**,***++...#
*** ******* **##.##
***************#'#
,,,,,,,,*,,*,,*#.#
,,,,,,,,*,,*,,*#'#
******,,*++*++*#.#


You could see 2 stone giants and an ettin.

Vanquished Creatures
  Gloorx Vloq (D)
  2 ancient liches (D)
  A greater mummy (D)
  A golden dragon (D)
  3 pandemonium lords (D)
  Jory (D)
  2 Tzitzimimeh (D)
  3 liches (D)
  5 titans (D)
  A deep elf blademaster (D)
  2 acid blobs (D)
  3 sphinxes (D)
  2 daevas (D)
  3 nagarajas (D)
  An iron dragon (D)
  16 fire giants (D)
  2 orc warlords (D)
  A draconian scorcher (D)
  A draconian knight (D)
  A deep elf sorcerer (D)
  An emperor scorpion (D)
  An angel (D)
  A cacodemon (D)
  13 frost giants (D)
  6 ghouls (D)
  Louise (D)
  A draconian stormcaller (D)
  A draconian shifter (D)
  A spriggan defender (D)
  11 stone giants (D)
  An apis (D)
  A deep elf demonologist (D)
  A green draconian (D)
  A vampire knight (D)
  A lorocyproca (D)
  A black draconian (D)
  A red draconian (D)
  6 dire elephants (D)
  A purple draconian (D)
  A deep elf annihilator (D)
  Snorg (D)
  2 yellow draconians (D)
  A deep elf death mage (D)
  2 merfolk javelineers (D)
  An eidolon (D)
  3 blizzard demons (D)
  A mummy priest (D)
  4 fire dragons (D)
  6 ettins (D)
  3 deep elf high priests (D)
  3 ice dragons (D)
  A great orb of eyes (D)
  4 naga warriors (D)
  10 hydras (D)
  6 catoblepae (D)
  4 vault guards (D)
  2 rakshasas (D)
  A hell beast (D)
  A spriggan air mage (D)
  A merfolk aquamancer (D)
  2 two-headed ogres (D)
  A vampire mage (D)
  A deep troll earth mage (D)
  2 deep troll shamans (D)
  A naga sharpshooter (D)
  5 hell knights (D)
  4 deep elf knights (D)
  A spriggan berserker (D)
  A salamander mystic (D)
  2 fire crabs (D)
  A sixfirhy (D)
  A cherub (D)
  A sea snake (D)
  3 wizards (D)
  7 deep trolls (D)
  8 swamp dragons (D)
  2 large abominations (D)
  2 lindwurms (D)
  2 phantasmal warriors (D)
  A necromancer (D)
  10 orc knights (D)
  A wolf spider (D)
  4 cyclopes (D)
  3 deep elf magi (D)
  2 salamanders (D)
  A manticore (D)
  A rust devil (D)
  2 eyes of devastation (D)
  A naga mage (D)
  A molten gargoyle (D)
  2 black mambas (D)
  2 orange demons (D)
  5 kobold demonologists (D)
  An efreet (D)
  3 komodo dragons (D)
  3 rime drakes (D)
  A hellwing (D)
  A yaktaur (shapeshifter) (D)
  An ice devil (D)
  2 polar bears (D)
  A red devil (D)
  A jumping spider (D)
  A hornet (D)
  4 merfolk (D)
  A wind drake (D)
  2 bog bodies (D)
  A flying skull (D)
  A vampire (D)
  2 tarantellas (D)
  2 ynoxinuls (D)
  An air elemental (D)
  2 fire bats (D)
  2 spriggans (D)
  7 redbacks (D)
  3 water elementals (D)
  2 fire elementals (D)
  4 wyverns (D)
  7 basilisks (D)
  6 steam dragons (D)
  2 wargs (D)
  3 nagas (D)
  A soldier ant (D)
  2 floating eyes (D)
  6 swamp drakes (D)
  An orc warrior (D)
  A black bear (D)
  A phantom (D)
  4 necrophages (D)
  3 centaurs (D)
  A small abomination (D)
  3 big kobolds (D)
  An earth elemental (D)
  A scorpion (D)
  12 killer bees (D)
  A wight (D)
  An orc priest (D)
  An orc wizard (D)
  An iguana (D)
  A worker ant (D)
  3 adders (D)
  A river rat (D)
  An ufetubus (D)
  An ooze (D)
  2 adder skeletons (D)
  2 adder zombies (D)
  A worm (D)
  A leopard gecko (D)
  7 orcs (D)
  A bat (D)
  4 jackals (D)
  A ball python (D)
  6 kobolds (D)
  A leopard gecko simulacrum (D)
  A leopard gecko zombie (D)
  A rat (D)
387 creatures vanquished.

Vanquished Creatures (collateral kills)
  A manticore (D)
1 creature vanquished.

Vanquished Creatures (others)
  2 hell knights (D)
  A cyclops (D)
  A rime drake (D)
  An orc priest (D)
  An adder skeleton (D)
  A giant cockroach zombie (D)
7 creatures vanquished.

Grand Total: 395 creatures vanquished

Notes
Turn   | Place    | Note
-------+----------+-------------------------------------------
     0 | D        | Kidiri the Draconian Transmuter began the quest for the Orb.
     0 | D        | Reached XP level 1. HP: 16/16 MP: 3/3
    26 | D        | Reached XP level 2. HP: 17/23 MP: 2/5
    37 | D        | Learned a level 2 spell: Sticks to Snakes
    64 | D        | Found a bloodstained altar of Trog.
    64 | D        | Found a deep blue altar of Sif Muna.
    64 | D        | Found a viscous altar of Jiyva.
    64 | D        | Found a hazy altar of Hepliaklqana.
    64 | D        | Found an opulent altar of Gozag.
    65 | D        | Found a glowing golden altar of the Shining One.
    65 | D        | Found a glowing silver altar of Zin.
    65 | D        | Found a basalt altar of Yredelemnul.
    65 | D        | Found a shimmering altar of Xom.
    65 | D        | Found an ornate altar of the Wu Jian Council.
    65 | D        | Found a sacrificial altar of Ru.
    65 | D        | Found a stormy altar of Qazlal.
    65 | D        | Found an iron altar of Okawaru.
    65 | D        | Found a sparkling altar of Nemelex Xobeh.
    65 | D        | Found a burning altar of Makhleb.
    65 | D        | Found a blossoming altar of Fedhas.
    65 | D        | Found a white marble altar of Elyvilon.
    65 | D        | Found a shadowy altar of Dithmenos.
    65 | D        | Found a snail-covered altar of Cheibriados.
    68 | D        | Found a corrupted altar of Lugonu.
    68 | D        | Found a radiant altar of Vehumet.
    68 | D        | Found a roughly hewn altar of Beogh.
    69 | D        | Found an ancient bone altar of Kikubaaqudgha.
    69 | D        | Found a hide-covered altar of Uskayaw.
    69 | D        | Found a shattered altar of Ashenzari.
    70 | D        | Became a worshipper of Sif Muna the Loreminder
   334 | D        | Noticed a floating eye
   335 | D        | Paralysed by a floating eye for 4 turns
   341 | D        | Killed a floating eye
   341 | D        | Reached skill level 5 in Unarmed Combat
   341 | D        | Reached XP level 3. HP: 31/31 MP: 5/8
   341 | D        | Reached XP level 4. HP: 38/38 MP: 5/9
   357 | D        | Learned a level 3 spell: Spider Form
   362 | D        | Learned a level 4 spell: Ice Form
   425 | D        | Reached * piety under Sif Muna
   491 | D        | Reached skill level 1 in Ice Magic
   491 | D        | Reached XP level 5. HP: 38/45 MP: 4/10
   659 | D        | Reached skill level 1 in Poison Magic
   661 | D        | Noticed a black bear
   661 | D        | Reached ** piety under Sif Muna
   661 | D        | Reached skill level 5 in Transmutations
   675 | D        | Killed a black bear
   675 | D        | Reached skill level 5 in Dodging
   688 | D        | Reached XP level 6. HP: 30/52 MP: 7/12
   699 | D        | Reached *** piety under Sif Muna
   954 | D        | Noticed a deep elf mage
   961 | D        | Noticed a sixfirhy
   962 | D        | Noticed an ice devil
   965 | D        | Noticed a jumping spider
   967 | D        | Killed a deep elf mage
   967 | D        | Reached **** piety under Sif Muna
   967 | D        | Reached skill level 5 in Fighting
   967 | D        | Reached skill level 5 in Spellcasting
   967 | D        | Your scales start taking on a dull iron-grey colour.
   967 | D        | Reached XP level 7. HP: 41/61 MP: 7/14
   967 | D        | Gained mutation: You can survive without breathing. [Grey Draconian growth]
  1073 | D        | Learned a level 5 spell: Blade Hands
  1102 | D        | Noticed a basilisk
  1105 | D        | Killed a basilisk
  1146 | D        | Reached skill level 5 in Stealth
  1189 | D        | Noticed a ynoxinul
  1189 | D        | Noticed an efreet
  1200 | D        | Killed a ynoxinul
  1200 | D        | Reached XP level 8. HP: 26/70 MP: 11/16
  1210 | D        | Killed an efreet
  1210 | D        | Reached ***** piety under Sif Muna
  1210 | D        | Identified Sif Muna's Collected Works on Mutagenic Curses (Sif Muna gifted it to you in the Dungeon)
  1210 | D        | Received a gift from Sif Muna
  1534 | D        | Noticed a black mamba
  1534 | D        | Noticed a flying skull
  1545 | D        | Killed a black mamba
  1545 | D        | Reached skill level 5 in Ice Magic
  1545 | D        | Reached skill level 5 in Poison Magic
  1547 | D        | Killed a flying skull
  1826 | D        | Noticed a manticore
  1829 | D        | Reached XP level 9. HP: 76/78 MP: 10/18
  1831 | D        | Killed a manticore
  1831 | D        | Reached skill level 10 in Unarmed Combat
  1899 | D        | Identified Sif Muna's Papyrus of Toxins and the Frostbite (Sif Muna gifted it to you in the Dungeon)
  1899 | D        | Received a gift from Sif Muna
  1917 | D        | Learned a level 6 spell: Statue Form
  1988 | D        | Noticed a manticore
  2030 | D        | Noticed a molten gargoyle
  2030 | D        | Noticed an orange demon
  2035 | D        | Killed a molten gargoyle
  2035 | D        | Reached skill level 1 in Earth Magic
  2043 | D        | Killed an orange demon
  2043 | D        | Reached skill level 10 in Transmutations
  2274 | D        | Noticed a phantasmal warrior
  2284 | D        | Killed a phantasmal warrior
  2607 | D        | Reached XP level 10. HP: 88/88 MP: 14/20
  2616 | D        | Killed a manticore
  2883 | D        | Noticed a two-headed ogre
  2886 | D        | Identified Sif Muna's Collected Works on Ashen Stolen Souls (Sif Muna gifted it to you in the Dungeon)
  2886 | D        | Received a gift from Sif Muna
  2892 | D        | Killed a two-headed ogre
  2892 | D        | Reached skill level 10 in Dodging
  2987 | D        | Noticed a deep elf mage
  2987 | D        | Noticed a rakshasa
  2993 | D        | Killed a deep elf mage
  3009 | D        | Killed a rakshasa
  3009 | D        | Reached skill level 5 in Earth Magic
  3296 | D        | Noticed a deep elf annihilator
  3297 | D        | Noticed an eye of devastation
  3297 | D        | Noticed a fire crab
  3302 | D        | Killed a fire crab
  3302 | D        | Received a gift from Sif Muna
  3307 | D        | Killed an eye of devastation
  3319 | D        | Killed a deep elf annihilator
  3319 | D        | Reached XP level 11. HP: 62/97 MP: 20/23
  3519 | D        | Paralysed by a floating eye for 3 turns
  3520 | D        | Noticed a sea snake
  3535 | D        | Killed a sea snake
  3790 | D        | Gained mutation: You occasionally shout uncontrollably at your foes. [potion of mutation]
  3790 | D        | Gained mutation: You can translocate small distances at will. [potion of mutation]
  3790 | D        | Gained mutation: Your natural rate of healing is unusually fast. [potion of mutation]
  3934 | D        | Noticed a phantasmal warrior
  3942 | D        | Killed a phantasmal warrior
  3942 | D        | Received a gift from Sif Muna
  3997 | D        | Noticed a nagaraja
  4002 | D        | Killed a nagaraja
  4007 | D        | Noticed a sun demon
  4017 | D        | Reached ****** piety under Sif Muna
  4249 | D        | Noticed a swamp dragon
  4251 | D        | Noticed an orc knight
  4261 | D        | Killed a swamp dragon
  4261 | D        | Reached skill level 10 in Fighting
  4273 | D        | Killed an orc knight
  4275 | D        | Identified Sif Muna's Spellweaving, Part Three (Sif Muna gifted it to you in the Dungeon)
  4275 | D        | Received a gift from Sif Muna
  4473 | D        | Noticed a wizard
  4485 | D        | Noticed a sun demon
  4490 | D        | Killed a wizard
  4490 | D        | Reached XP level 12. HP: 106/106 MP: 8/25
  4777 | D        | Learned a level 7 spell: Dragon Form
  5002 | D        | Noticed a blizzard demon
  5002 | D        | Noticed a red draconian
  5002 | D        | Noticed a deep troll shaman
  5003 | D        | Found the +10 dark maul {crush}
  5003 | D        | Noticed a vampire knight
  5010 | D        | Killed a vampire knight
  5010 | D        | Identified Sif Muna's Incunabulum of Shape Shifting and Air (Sif Muna gifted it to you in the Dungeon)
  5010 | D        | Received a gift from Sif Muna
  5014 | D        | Killed a deep troll shaman
  5016 | D        | Killed a blizzard demon
  5022 | D        | Killed a red draconian
  5022 | D        | Reached skill level 10 in Stealth
  5056 | D        | Got the +0 short sword "Kepuxt" {pierce, rN+}
  5264 | D        | Identified Sif Muna's Tome of Glacial Transmutation (Sif Muna gifted it to you in the Dungeon)
  5264 | D        | Received a gift from Sif Muna
  5266 | D        | Noticed an emperor scorpion
  5267 | D        | Killed an emperor scorpion
  5270 | D        | Noticed a ghoul
  5275 | D        | Killed a ghoul
  5282 | D        | Reached skill level 10 in Ice Magic
  5283 | D        | Reached skill level 10 in Poison Magic
  5284 | D        | Noticed a ghoul
  5288 | D        | Reached skill level 10 in Spellcasting
  5292 | D        | Noticed a merfolk javelineer
  5293 | D        | Noticed a catoblepas
  5294 | D        | Killed a catoblepas
  5294 | D        | Received a gift from Sif Muna
  5295 | D        | Killed a ghoul
  5295 | D        | Reached skill level 10 in Earth Magic
  5295 | D        | Reached XP level 13. HP: 86/116 MP: 23/27
  5298 | D        | Noticed a merfolk javelineer
  5317 | D        | Killed a merfolk javelineer
  5322 | D        | Killed a merfolk javelineer
  5333 | D        | Noticed Snorg
  5334 | D        | Killed Snorg
  5334 | D        | Reached skill level 15 in Unarmed Combat
  5360 | D        | Identified Sif Muna's Catalogue of Snow and Black Rites (Sif Muna gifted it to you in the Dungeon)
  5360 | D        | Received a gift from Sif Muna
  5591 | D        | Got the +7 hand axe "Beetlebane" {pain, Int+3}
  5656 | D        | Reached skill level 15 in Transmutations
  5752 | D        | Learned a level 4 spell: Olgreb's Toxic Radiance
  5876 | D        | Noticed a Tzitzimitl
  5880 | D        | Killed a Tzitzimitl
  5883 | D        | Noticed a green draconian shifter
  5891 | D        | Killed a green draconian shifter
  5891 | D        | Identified Sif Muna's Reference Book on Cold (Sif Muna gifted it to you in the Dungeon)
  5891 | D        | Received a gift from Sif Muna
  5927 | D        | Noticed Qawod the pandemonium lord
  5939 | D        | Killed Qawod the pandemonium lord
  6282 | D        | Noticed Gloorx Vloq
  6285 | D        | Noticed an Executioner
  6287 | D        | Killed Gloorx Vloq
  6287 | D        | Identified Sif Muna's Papyrus of the Countless Allies (Sif Muna gifted it to you in the Dungeon)
  6287 | D        | Received a gift from Sif Muna
  6287 | D        | Reached skill level 15 in Dodging
  6287 | D        | Reached XP level 14. HP: 126/126 MP: 21/29
  6404 | D        | Noticed a cacodemon
  6404 | D        | Noticed an ancient lich
  6404 | D        | Noticed an apis
  6404 | D        | Noticed Iqasmih the pandemonium lord
  6414 | D        | Killed an ancient lich
  6414 | D        | Identified Sif Muna's Almanac of Contamination and Conjuration (Sif Muna gifted it to you in the Dungeon)
  6414 | D        | Received a gift from Sif Muna
  6420 | D        | Killed Iqasmih the pandemonium lord
  6428 | D        | Killed an apis
  6432 | D        | Gained mutation: You are dopey. (Int -2) [a cacodemon]
  6433 | D        | Killed a cacodemon
  6433 | D        | Identified Sif Muna's Compendium of Gliding Cold (Sif Muna gifted it to you in the Dungeon)
  6433 | D        | Received a gift from Sif Muna
  6540 | D        | Learned a level 3 spell: Ignite Poison
  6751 | D        | Noticed Kalysm Poxo the pandemonium lord
  6759 | D        | Killed Kalysm Poxo the pandemonium lord
  6759 | D        | Received a gift from Sif Muna
  6759 | D        | Reached XP level 15. HP: 35/138 MP: 27/31
  6935 | D        | Learned a level 2 spell: Sublimation of Blood
  6936 | D        | Noticed Louise
  6938 | D        | Killed Louise
  6942 | D        | Noticed a greater mummy
  6948 | D        | Killed a greater mummy
  6972 | D        | Noticed an acid blob
  6975 | D        | Killed an acid blob
  6975 | D        | Identified Sif Muna's Reference Book on Poison (Sif Muna gifted it to you in the Dungeon)
  6975 | D        | Received a gift from Sif Muna
  7218 | D        | Noticed an orc warlord
  7218 | D        | Noticed an orc warlord
  7375 | D        | Received a gift from Sif Muna
  7380 | D        | Killed an orc warlord
  7380 | D        | Reached skill level 1 in Necromancy
  7501 | D        | Killed an orc warlord
  7524 | D        | Reached skill level 15 in Fighting
  7536 | D        | Received a gift from Sif Muna
  7585 | D        | Found the +6 arbalest "Damnation" {damnation}
  7781 | D        | Reached skill level 15 in Earth Magic
  7816 | D        | Identified Vealun's Volume of the Frigorific Entourage (Sif Muna gifted it to you in the Dungeon)
  7816 | D        | Received a gift from Sif Muna
  7841 | D        | Found the +2 robe of Vines {NoPotionHeal Regen+7}
  8058 | D        | Noticed an acid blob
  8063 | D        | Killed an acid blob
  8080 | D        | Identified Sif Muna's Handbook of Enchantment and Flight (Sif Muna gifted it to you in the Dungeon)
  8080 | D        | Received a gift from Sif Muna
  8080 | D        | Reached skill level 5 in Necromancy
  8084 | D        | Reached XP level 16. HP: 150/150 MP: 33/33
  8098 | D        | Identified Sif Muna's Almanac of Evil Conjuration (Sif Muna gifted it to you in the Dungeon)
  8098 | D        | Received a gift from Sif Muna
  8146 | D        | Gained mutation: You have sharp toenails. [mutagenic meat]
  8147 | D        | Gained mutation: You have sharp fingernails. [mutagenic meat]
  8148 | D        | Gained mutation: Your body sometimes deteriorates upon taking damage. [mutagenic meat]
  8415 | D        | Identified Hilapnum's Volume of Transformation and Heat (Sif Muna gifted it to you in the Dungeon)
  8415 | D        | Received a gift from Sif Muna
  8427 | D        | Learned a level 6 spell: Hydra Form
  8540 | D        | Reached skill level 15 in Stealth
  8677 | D        | Noticed a Tzitzimitl
  8952 | D        | Killed a Tzitzimitl
  8952 | D        | Identified Ifiog's Grimoire of Excruciating Talismans (Sif Muna gifted it to you in the Dungeon)
  8952 | D        | Received a gift from Sif Muna
  8972 | D        | Reached skill level 15 in Ice Magic
  9218 | D        | Reached skill level 15 in Poison Magic
  9253 | D        | Noticed a deep elf blademaster
  9272 | D        | Killed a deep elf blademaster
  9272 | D        | Identified Sif Muna's Grimoire of the Dislocated Glacier (Sif Muna gifted it to you in the Dungeon)
  9272 | D        | Received a gift from Sif Muna
  9311 | D        | Received a gift from Sif Muna
  9558 | D        | Got the cursed +0 whip "Death Rattle" {slash, Dex+2}
  9562 | D        | Got the cursed +1 plate armour "Pummiseo" {rC+}
  9567 | D        | Identified Ogiobom's Primer on Secret Knowledge (You found it in the Dungeon)
 10297 | D        | Lost mutation: You can translocate small distances at will. [potion of mutation]
 10297 | D        | Lost mutation: You are dopey. (Int -2) [potion of mutation]
 10297 | D        | Gained mutation: Your flesh is cold resistant. (rC+) [potion of mutation]
 10297 | D        | Gained mutation: You evolve. [potion of mutation]
 10299 | D        | Noticed a lich
 10301 | D        | Noticed a sphinx
 10302 | D        | Noticed an ancient lich
 10302 | D        | Noticed a lich
 10302 | D        | Noticed a sphinx
 10303 | D        | Noticed a lich
 10303 | D        | Noticed a sphinx
 10304 | D        | Paralysed by a lich for 7 turns
 10313 | D        | Noticed Jory
 10315 | D        | Paralysed by a lich for 2 turns
 10333 | D        | Killed a lich
 10337 | D        | Killed a lich
 10340 | D        | Killed an ancient lich
 10340 | D        | Identified Sif Muna's Catalogue of Creative Dark Secrets (Sif Muna gifted it to you in the Dungeon)
 10340 | D        | Received a gift from Sif Muna
 10340 | D        | Reached skill level 15 in Spellcasting
 10340 | D        | Reached XP level 17. HP: 55/161 MP: 28/36
 10347 | D        | Killed Jory
 10495 | D        | Received a gift from Sif Muna
 10527 | D        | Gained mutation: You have razor-sharp toenails. [evolution]
 10746 | D        | Killed a lich
 10746 | D        | Identified Boriza Ceaxi's Compendium of Evil (Sif Muna gifted it to you in the Dungeon)
 10746 | D        | Received a gift from Sif Muna
 10746 | D        | Reached skill level 10 in Necromancy
 10864 | D        | Paralysed by a sphinx for 7 turns
 10873 | D        | Paralysed by a sphinx for 6 turns
 10882 | D        | Received a gift from Sif Muna
 11636 | D        | Identified Xaes's Tome of Torrid Darkness (You found it in the Dungeon)
 11638 | D        | Identified the Papyrus of Freezing Battle Magic (You found it in the Dungeon)
 11649 | D        | Got the ring of Gysi {rC+ Str+3 Int+2}
 11651 | D        | Got the ring "Luxzar" {*Contam +Inv rPois rF+ Int+3}
 11653 | D        | Got the ring "Ingunupse" {MR+ Int+4}
 11655 | D        | Got the ring "Tixzisch" {rF+ rC+ rN+ Str+2 Dex-4}
 11657 | D        | Got the ring of Torghej {+Blink rN+}
 11659 | D        | Got the ring of Awnyt {rPois MR+ Dex+6}
 11661 | D        | Got the ring of Wonder {Str+6 Int+3}
 11663 | D        | Got the ring of Tatos {Ice SInv}
 11665 | D        | Got the ring "Nueg" {rPois Int+3}
 11667 | D        | Got the ring of Paomniyq {rElec rF- Str+6 Int+5 Stlth+}
 11669 | D        | Got the ring of Melylaih {+Inv MR+ Str+6}
 11671 | D        | Got the ring "Voups" {Ice rElec MR+++ Str-5 Slay-2}
 11981 | D        | Got the ring "Plog" {rPois Int+5 Dex+6}
 12026 | D        | Got the ring "Risur" {Ice Dex+8}
 12028 | D        | Got the amulet "Yhyas" {+Rage +Inv rElec rC+}
 12030 | D        | Got the ring of Springtime {rF+ rC- rN+ Str+3 SInv}
 12032 | D        | Got the amulet "Weqiuv" {Fragile +Rage rN+ Str+3 Int+2}
 12034 | D        | Got the amulet of Ugaulergh {Reflect rPois MR+ SH+4}
 12036 | D        | Got the amulet of the Queen {+Rage rN+}
 12038 | D        | Got the amulet of Kiylic {Reflect rC+ Int+2 SH+4}
 12040 | D        | Got the ring "Gixaizag" {Str+4 Dex+5 Stlth-}
 12042 | D        | Got the amulet "Waosan" {rPois rN+ MR+ Regen+ Int+2}
 12044 | D        | Got the amulet of Mengis {Harm *Drain MP-9 Dex+6}
 12046 | D        | Got the amulet of the Griffon {Inacc rPois}
 12048 | D        | Got the ring of Lekihaim {+Fly rElec rC+ rN+}
 12226 | D        | Got the ring of Jeryr {rPois Str+3 Dex+4 Slay+5}
 12959 | D        | Noticed a golden dragon
 12960 | D        | Found the +8 demon blade "Leech" {vamp, rN+ AC-3 EV-3}
 12967 | D        | Received a gift from Sif Muna
 12973 | D        | Killed a golden dragon
 12980 | D        | Identified Sif Muna's Almanac of Evil Rituals (Sif Muna gifted it to you in the Dungeon)
 12980 | D        | Received a gift from Sif Muna
 12990 | D        | Identified Sif Muna's Collected Works on the Volcanoes and the Mountains (Sif Muna gifted it to you in the Dungeon)
 12990 | D        | Received a gift from Sif Muna
 12999 | D        | Reached skill level 1 in Throwing
 12999 | D        | Reached skill level 1 in Fire Magic
 13000 | D        | Identified Nawugupn's Guide on Lethal Calling (Sif Muna gifted it to you in the Dungeon)
 13000 | D        | Received a gift from Sif Muna
 13008 | D        | Identified Sif Muna's Tome of Destructive Moulding (Sif Muna gifted it to you in the Dungeon)
 13008 | D        | Received a gift from Sif Muna
 13115 | D        | Got a silver rune of Zot
 13343 | D        | Learned a level 8 spell: Necromutation
 13497 | D        | Got the +1 arbalest of Upheaval {flame, rPois MR+}
 13757 | D        | Lost mutation: Your body sometimes deteriorates upon taking damage. [evolution]
 13859 | D        | Noticed a titan
 13859 | D        | Noticed a titan
 13859 | D        | Noticed a titan
 13859 | D        | Noticed a titan
 13859 | D        | Noticed a titan
 13861 | D        | Noticed a titan
 13864 | D        | Reached skill level 1 in Shields
 13864 | D        | Reached XP level 18. HP: 176/176 MP: 21/38
 14079 | D        | Identified Sif Muna's Incunabulum of Protection and Darkness (Sif Muna gifted it to you in the Dungeon)
 14079 | D        | Received a gift from Sif Muna
 14079 | D        | Reached skill level 5 in Throwing
 14380 | D        | Identified Sif Muna's Grimoire of Earth and Moulding (Sif Muna gifted it to you in the Dungeon)
 14380 | D        | Received a gift from Sif Muna
 14382 | D        | Reached skill level 5 in Shields
 14399 | D        | Reached skill level 5 in Fire Magic
 14465 | D        | Identified Otia's Papyrus of Sinister Transmigration (Sif Muna gifted it to you in the Dungeon)
 14465 | D        | Received a gift from Sif Muna
 14736 | D        | Identified Sif Muna's Almanac of Bewitching Clay (Sif Muna gifted it to you in the Dungeon)
 14736 | D        | Received a gift from Sif Muna
 14798 | D        | Received a gift from Sif Muna
 14896 | D        | Received a gift from Sif Muna
 14914 | D        | Identified Sif Muna's Collected Works on Beguiling and Battle Magic (Sif Muna gifted it to you in the Dungeon)
 14924 | D        | Reached skill level 10 in Throwing
 14924 | D        | Reached skill level 10 in Shields
 15181 | D        | HP: 11/277 [stone giant/large rock (33)]
 15191 | D        | HP: 11/277 [stone giant/large rock (10)]
 15192 | D        | Hit by a large rock thrown by a stone giant

Vault maps used:
D:        pitsprint

Skill      XL: |  1  2  3  4  5  6  7  8  9 10 11 12 13 14 15 16 17 18 |
---------------+-------------------------------------------------------+-----
Dodging        | 2 4 5 6 7 8 9 10 12 13 15 16 18 19 21 22 | 22.9
Unarmed Combat | 4 5 6 7 8 9 10 12 13 14 16 18 19 21 23 24 | 24.7
Fighting       | 3 4 5 6 7 9 10 11 12 14 15 17 19 22 | 22.5
Stealth        | 2 3 4 5 6 7 8 9 10 12 13 14 16 17 18 | 18.5
Spellcasting   | 3 4 5 6 7 8 9 10 11 12 13 15 16 18 | 18.6
Transmutations | 4 6 7 8 9 10 11 13 14 16 17 19 21 23 24 | 24.5
Ice Magic      | 1 2 3 4 5 6 7 9 10 11 13 14 15 17 18 | 18.3
Poison Magic   | 2 3 4 5 6 7 8 10 11 12 14 15 17 18 | 18.2
Earth Magic    | 3 5 8 10 12 13 15 17 19 20 | 20.3
Necromancy     | 5 9 12 13 | 13.7
Throwing       | 4 10 | 10.4
Fire Magic     | 3 8 |  8.2
Shields        | 1 10 | 10.6

Action                   |  1- 3 |  4- 6 |  7- 9 | 10-12 | 13-15 | 16-18 || total
-------------------------+-------+-------+-------+-------+-------+-------++-------
Melee: Unarmed           |     5 |    58 |    65 |   237 |   222 |   374 ||   961
       Kick              |     2 |       |       |       |       |       ||     2
       Tailslap          |     1 |       |    10 |    27 |    45 |    64 ||   147
       Punch             |       |       |     1 |    19 |    16 |    33 ||    69
       Bite              |       |       |       |     5 |    33 |    43 ||    81
 Cast: Beastly Appendage |     2 |     3 |       |       |       |       ||     5
       Spider Form       |       |     4 |       |       |       |       ||     4
       Blade Hands       |       |       |    10 |     2 |       |       ||    12
       Sticks to Snakes  |       |       |     3 |       |       |       ||     3
       Statue Form       |       |       |       |    10 |       |       ||    10
       Dragon Form       |       |       |       |     2 |    15 |    25 ||    42
       Ignite Poison     |       |       |       |       |       |     8 ||     8
       Olgreb's Toxic Ra |       |       |       |       |       |     5 ||     5
       Necromutation     |       |       |       |       |       |     5 ||     5
       Hydra Form        |       |       |       |       |       |     2 ||     2
Invok: Forget Spell      |       |       |       |       |       |     1 ||     1
 Abil: Blink             |       |       |       |       |     1 |     3 ||     4
       End Transformatio |       |       |       |       |       |     1 ||     1
Evoke: Wand              |       |       |       |       |       |     1 ||     1
  Use: Potion            |       |     1 |     2 |     5 |     7 |     8 ||    23
       Scroll            |       |     1 |       |       |       |     8 ||     9
 Stab: Sleeping          |       |     4 |     2 |     2 |     5 |       ||    13
       Distracted        |       |       |       |       |     1 |     2 ||     3
       Petrified         |       |       |       |       |     2 |     2 ||     4
       Petrifying        |       |       |       |       |       |     2 ||     2
  Eat: Chunk             |       |     1 |     4 |     6 |     4 |    14 ||    29
       Fruit             |       |       |    12 |    12 |    12 |     4 ||    40
       Bread ration      |       |       |       |       |       |     4 ||     4
Armor: Skin              |       |     6 |    20 |   141 |    61 |   161 ||   389
Dodge: Dodged            |       |    62 |    53 |   405 |    83 |   194 ||   797
Block: Other             |       |       |       |       |       |     5 ||     5
       Buckler           |       |       |       |       |       |    18 ||    18
       Reflection        |       |       |       |       |       |     7 ||     7

Table legend:
 A = Spawn XP
 B = Non-spawn XP
 C = Spawn XP percentage of total XP
 D = Spawn monster count
 E = Non-spawn monster count
 F = Spawn count percentage of total count
 G = Total turns spent on level
                    A         B        C        D         E        F      G
               +---------+---------+-------+---------+---------+-------+---------
         Total |       0 |  371895 |   0.0 |       0 |     392 |   0.0 | 15192
               +---------+---------+-------+---------+---------+-------+---------
             D |       0 |  371895 |   0.0 |       0 |     392 |   0.0 | 15192
               +---------+---------+-------+---------+---------+-------+---------
